[Event "*** Qualifier 4: Titled Tuesday 3|2 Blitz"]
[Site "Chess.com"]
[Date "2017.04.25"]
[Round "4"]
[White "Ilja_Semjonovs"]
[Black "Goala"]
[Result "0-1"]
[WhiteElo "2241"]
[BlackElo "2360"]
[TimeControl "180+2"]
[EndTime "13:49:55 PDT"]
[Termination "Goala won by resignation"]

1. e4 e6 2. d4 d5 3. Nc3 Nf6 4. e5 Nfd7 5. f4 c5 6. Nf3 Nc6 7. Be3 cxd4 8. Nxd4 Bc5 9. Qd2 a6 10.
Be2 Qc7 11. Rd1 b5 12. Bf3 Na5 13. Be2 Bb7 14. a3 Be7 15. O-O Rc8 16. f5 Qxe5 17.
fxe6 fxe6 18. Bf4 Qxd4+ 19. Qxd4 Bc5 20. Bg4 Bxd4+ 21. Rxd4 Rc6 22. Re1 Kf7 23. Nxd5 exd5 24. Bxd7 Rxc2 25. Be6+ Kg6 26. Bxd5 Bxd5 27. Rxd5 Rf8 28.
Rd6+ Rf6 29. Rxf6+ Kxf6 30. Be5+ Kg6 31. Bc3 Nc4 32. Re6+ Kf5 33. Rxa6 Nxb2 34. Bxb2 Rxb2 35. Ra5 Ke4 36. h3 Kd4 37. Kh2 Kc4 38. Ra7 Ra2 39. Rxg7 Rxa3 40. Rxh7 b4 41. Rc7+ Kd3 42. Rb7 b3 43. h4 Kc2 44. Rc7+ Kd3 45. Rb7 Kc2 46. Rc7+ Kd2 47. Rb7 Kc1 48. Rc7+ Kb1 49. Rb7 Ka2 50.
Kh3 b2+ 51. Kg4 Rb3 52. Ra7+ Kb1 53. Rf7 Kc1 54. Rf1+ Kc2 55. Rf2+ Kc3 56. Rxb2 Rxb2 57. g3 Kd4 58. Kh5 Ke5 59. g4 Kf6 60. g5+ Kg7 0-1

[Event "*** Qualifier 4: Titled Tuesday 3|2 Blitz"]
[Site "Chess.com"]
[Date "2017.04.25"]
[Round "4"]
[White "Elshan1985"]
[Black "Gabrielian_Artur"]
[Result "1-0"]
[WhiteElo "2504"]
[BlackElo "2576"]
[TimeControl "180+2"]
[EndTime "13:49:59 PDT"]
[Termination "Elshan1985 won by resignation"]

1. d4 Nf6 2. c4 g6 3. Nc3 d5 4.
cxd5 Nxd5 5. e4 Nxc3 6. bxc3 Bg7 7. Nf3 c5 8. Be3 Qa5 9. Qd2 O-O 10. Rc1 Nd7 11. Bd3 e5 12. d5 f5 13. c4 Qxd2+ 14. Bxd2 Nf6 15. Nxe5 fxe4 16. Be2 Re8 17. Bc3 Bh6 18. Rc2 e3 19. fxe3 Ne4 20. Bb2 Bxe3 21. Rf1 Bd4 22. Nf3 Bxb2 23. Rxb2 b6 24. Nd2 Nc3 25. Nb1 Nxe2 26. Rxe2 Bg4 27. Rxe8+ Rxe8+ 28. Kf2 Re2+ 29. Kg3 Bf5 30. Nc3 Rc2 31. Rf3 Kf7 32. Re3 Rd2 33. a3 Kf6 34. Nb5 a6 35. Nd6 Rd4 36. h3 h5 37. Kf2 h4 38. Rb3 Ke5 39. Rxb6 Rd2+ 40. Ke3 Rd3+ 41. Ke2 Rxa3 42. Rc6 Bd3+ 43.
Kf2 Kf4 44. Rc7 Ra2+ 45. Ke1 Rxg2 46. Re7 g5 47. Nb7 g4 48. Nxc5 Bf5 49. hxg4 h3 50.
gxf5 h2 51. Rh7 Rg1+ 52. Kd2 h1=Q 53. Rxh1 Rxh1 54. d6 Kxf5 55. d7 Rh8 56. Nb7 Ke5 57. Kc3 a5 58. d8=Q 1-0

[Event "*** Qualifier 4: Titled Tuesday 3|2 Blitz"]
[Site "Chess.com"]
[Date "2017.04.25"]
[Round "4"]
[White "sergiochess83"]
[Black "Cayse"]
[Result "1/2-1/2"]
[WhiteElo "2722"]
[BlackElo "2641"]
[TimeControl "180+2"]
[EndTime "13:50:06 PDT"]
[Termination "Game drawn by agreement"]

1. e4 e5 2. Nf3 Nc6 3. Bb5 a6 4.
Ba4 Nf6 5. O-O Be7 6. d3 b5 7.
Bb3 d6 8. a3 O-O 9. Nc3 Na5 10.
Ba2 Be6 11. b4 Bxa2 12. Rxa2 Nc6 13. Bg5 Qd7 14. Bxf6 Bxf6 15. Nd5 a5 16. c4 axb4 17. cxb5 Ne7 18. a4 Nxd5 19. exd5 Ra5 20. Qb3 Rfa8 21. Nd2 Qc8 22. Ne4 Qb7 23. Nxf6+ gxf6 24. Rfa1 f5 25.
h3 Kf8 26. d4 exd4 27. Rd1 Qa7 28. Qxb4 Rxa4 29. Rxa4 Qxa4 30. Qxd4 Qxd4 31. Rxd4 Ra1+ 32. Kh2 Rb1 33. Rc4 Rxb5 34. Rxc7 Rxd5 35. Kg3 Rd4 36.
Kf3 Kg7 37. Ke3 Rd1 38. Ke2 Rd5 39. Ke3 Kf6 40. g3 Ra5 41. Rc4 Ra3+ 42. Ke2 Ra5 43. Rh4 Kg6 44. Rd4 Re5+ 45. Kf3 Re6 46. Rd5 Kf6 47.
g4 fxg4+ 48. hxg4 h6 49. Kf4 Kg6 50. f3 Rf6+ 51. Kg3 Kg7 52. f4 Kf8 53. f5 Ke7 54. Kf4 Kf8 55. Rd1 Ke7 56. Ke4 d5+ 57. Rxd5 Ra6 1/2-1/2

[Event "*** Qualifier 4: Titled Tuesday 3|2 Blitz"]
[Site "Chess.com"]
[Date "2017.04.25"]
[Round "4"]
[White "DariuszMikrut"]
[Black "rubhani"]
[Result "0-1"]
[WhiteElo "2406"]
[BlackElo "2418"]
[TimeControl "180+2"]
[EndTime "13:50:07 PDT"]
[Termination "rubhani won by resignation"]

1. d4 Nf6 2. c4 e6 3. Nf3 c6 4.
Nc3 d5 5. Bg5 Nbd7 6. e3 Qa5 7.
Nd2 Bb4 8. Qc2 O-O 9. Be2 dxc4 10. Bxf6 Nxf6 11. Nxc4 Bxc3+ 12. bxc3 Qd8 13. O-O Bd7 14. Rab1 b6 15. Bf3 Rc8 16. Rfd1 Qe7 17. Ne5 c5 18.
Qb3 cxd4 19. cxd4 Rc7 20. Rdc1 Rfc8 21. Rxc7 Rxc7 22. a4 g6 23. h3 Kg7 24. g4 Be8 25. Qb2 h6 26. Qa2 Qd8 27. Kg2 Qc8 28. a5 Rc2 29.
Qa1 b5 30. Rb2 Qc3 31. Ra2 b4 32. Qxc3 Rxc3 33. h4 b3 34. Rb2 Ba4 35. g5 hxg5 36.
hxg5 Nd5 37. Be4 Nb4 38. Kf3 Nc2 39. Nd3 Bb5 40. Nc5 Nxd4+ 41. Kf4 Ne2+ 42. Rxe2 Bxe2 43. Na4 Rc1 44. Ke5 Bb5 45. Nb2 Rc2 46. Nd3 Bxd3 47.
Bxd3 Rxf2 48. Kd4 Rg2 49. Kc3 Rxg5 50. a6 Rd5 51. Bc4 Re5 52. Kxb3 Rxe3+ 53. Kb4 g5 54. Kc5 g4 55. Bf1 g3 56. Bg2 Re2 57. Bf3 g2 58. Bxe2 g1=Q+ 59. Kc6 Qb6+ 60. Kd7 f5 0-1

[Event "*** Qualifier 4: Titled Tuesday 3|2 Blitz"]
[Site "Chess.com"]
[Date "2017.04.25"]
[Round "4"]
[White "ehrenfeld"]
[Black "stepanosinovsky"]
[Result "0-1"]
[WhiteElo "2363"]
[BlackElo "2278"]
[TimeControl "180+2"]
[EndTime "13:50:09 PDT"]
[Termination "stepanosinovsky won by resignation"]

1. e4 e5 2. Nc3 Nf6 3. f4 d5 4.
fxe5 Nxe4 5. Qf3 Nxc3 6. bxc3 Qh4+ 7. g3 Qe4+ 8. Qxe4 dxe4 9. Bg2 Nc6 10. Bxe4 Nxe5 11. d4 Nc4 12. Nf3 Nd6 13. Bd3 Be6 14.
O-O f6 15. Re1 Kf7 16. Bd2 Be7 17. Rf1 Ke8 18. Bf4 Kd7 19. Nd2 g5 20. Be3 f5 21.
Nf3 Rae8 22. Bxg5 Ne4 23. Ne5+ Kc8 24. Bxe7 Rxe7 25. Bxe4 fxe4 26. c4 c5 27. c3 Rd8 28.
Rad1 b5 29. cxb5 Bxa2 30. Nc6 Rde8 31. Nxe7+ Rxe7 32. dxc5 e3 33. Rfe1 Bc4 34. b6 axb6 35. cxb6 Kb7 36. Rd6 Bb5 37. Rf6 Bc6 38. g4 Kxb6 39.
h3 Kc5 40. Kh2 Bb7 41. Kg3 Kc4 42. Rf3 Bxf3 43. Kxf3 Kd3 44. Rd1+ Kc2 45. Ra1 Kd2 46.
Ra2+ Kd3 47. Ra1 e2 48. Re1 Kd2 49. Rxe2+ Rxe2 50. h4 Re1 51. h5 Kxc3 52. Kf4 Kd4 53. g5 Rf1+ 54. Kg4 Ke5 55. g6 Rg1+ 56. Kh4 hxg6 57. h6 Kf6 58. h7 Rh1+ 0-1

[Event "*** Qualifier 4: Titled Tuesday 3|2 Blitz"]
[Site "Chess.com"]
[Date "2017.04.25"]
[Round "4"]
[White "silverback96"]
[Black "Makalexa"]
[Result "0-1"]
[WhiteElo "2040"]
[BlackElo "2186"]
[TimeControl "180+2"]
[EndTime "13:50:13 PDT"]
[Termination "Makalexa won by checkmate"]

1. d4 Nf6 2. c4 g6 3. g3 Bg7 4.
Bg2 O-O 5. Nc3 c5 6. d5 e6 7. Nf3 exd5 8. cxd5 d6 9. O-O Re8 10.
Bf4 a6 11. a4 Nh5 12. Bg5 f6 13. Bc1 f5 14. Bg5 Bf6 15. Bxf6 Nxf6 16. Nd2 Nbd7 17. Nc4 Nb6 18. Qd3 Nxc4 19. Qxc4 Rb8 20. Ra3 Bd7 21. Rb3 Qa5 22. Qf4 Qc7 23. a5 Nh5 24. Qg5 Qxa5 25. Bf3 Ng7 26. h4 Qd8 27. Qf4 Qe7 28. Nd1 b5 29. Re3 Qf8 30. Qg5 Rxe3 31. Nxe3 Re8 32. Ra1 Bc8 33. Ng2 Qe7 34. Qh6 Qe5 35. h5 Qxb2 36.
Rd1 Qf6 37. Nf4 Kf7 38. Qxh7 g5 39. h6 g4 40. hxg7 Qxg7 41. Qh5+ Ke7 42. Ng6+ Kf6 43. Bxg4 Qxg6 44. Qh4+ Qg5 45. Qh7 fxg4 46. Qc7 Qe5 47.
Rd3 Rh8 48. f4 Qa1+ 49. Kg2 Qh1+ 50. Kf2 Rh2+ 51. Ke3 Qc1+ 52. Rd2 Qc3+ 53. Rd3 Qc1+ 54. Rd2 Qg1+ 55. Kd3 Bf5+ 56. Kc3 Qc1+ 57. Kb3 c4+ 58. Kb4 Qxd2+ 59. Ka3 Qc3+ 60. Ka2 Rxe2# 0-1

[Event "*** Qualifier 4: Titled Tuesday 3|2 Blitz"]
[Site "Chess.com"]
[Date "2017.04.25"]
[Round "4"]
[White "Zlatan56"]
[Black "daro94"]
[Result "1/2-1/2"]
[WhiteElo "2600"]
[BlackElo "2727"]
[TimeControl "180+2"]
[EndTime "13:50:20 PDT"]
[Termination "Game drawn - insufficient material"]

1. Nf3 Nf6 2. g3 g6 3. b3 b6 4. Bb2 Bg7 5. Bg2 Bb7 6. O-O O-O 7. c4 c5 8. Nc3 d6 9. d4 cxd4 10. Nxd4 Bxg2 11. Kxg2 Qc8 12. Qd3 Nbd7 13. Rac1 Qb7+ 14. Qf3 Qxf3+ 15. exf3 Rfc8 16. Rfd1 Kf8 17. f4 a6 18. Rd2 Rab8 19. Re1 Rb7 20. Nd5 Nxd5 21. cxd5 Rc5 22.
b4 Rxd5 23. Rc1 Rb8 24. Rc7 Ke8 25. Rdc2 Kd8 26. Nc6+ Kxc7 27. Nxe7+ Rc5 28. bxc5 Bxb2 29. cxb6+ Kxb6 30. Rxb2+ Kc7 31. Rc2+ Nc5 32. Nd5+ Kc6 33. Nf6 h5 34. h3 Rb1 35. g4 hxg4 36. hxg4 a5 37.
Nh7 a4 38. Ng5 Rb7 39. Kf3 d5 40. f5 gxf5 41. gxf5 Kd6 42. Kf4 Nd3+ 43. Ke3 Ne5 44. f4 Nc6 45. f6 a3 46. Kd2 Nd4 47. Rc3 Rb2+ 48. Kd3 Nb5 49. Nxf7+ Ke6 50. Ng5+ Kxf6 51. Rc5 Kf5 52. Rxd5+ Kxf4 53. Ne6+ Kg4 54. Nd4 Nxd4 55. Rxd4+ Kf3 56. Ra4 Rxa2 57. Kc3 Ra1 58. Kb3 Rb1+ 59.
Ka2 Re1 60. Rxa3+ Re3 61. Rxe3+ Kxe3 1/2-1/2

[Event "*** Qualifier 4: Titled Tuesday 3|2 Blitz"]
[Site "Chess.com"]
[Date "2017.04.25"]
[Round "4"]
[White "Rodalquilar"]
[Black "DryCounty"]
[Result "0-1"]
[WhiteElo "2544"]
[BlackElo "2487"]
[TimeControl "180+2"]
[EndTime "13:50:21 PDT"]
[Termination "DryCounty won on time"]

1. d4 Nf6 2. Bf4 Nh5 3. Bc1 Nf6 4. Bf4 Nh5 5. Bc1 Nf6 6. Bg5 Ne4 7. Bf4 c5 8. f3 Qa5+ 9. c3 Nf6 10. d5 Qb6 11.
Bc1 e6 12. c4 Be7 13. e4 d6 14. Ne2 O-O 15. Nec3 exd5 16. cxd5 Nfd7 17. Nd2 f5 18. Nc4 Qd8 19. exf5 Nb6 20. Nxb6 Qxb6 21. Bd3 Nd7 22.
f4 Nf6 23. Qe2 Re8 24. Bb5 Bxf5 25. Bxe8 Rxe8 26. O-O Bf8 27. Qb5 Qxb5 28. Nxb5 Bd3 29. Nc7 Re2 30. f5 Ng4 31. h3 Be4 32. hxg4 Rxg2+ 33. Kh1 Rxb2+ 34. Kg1 Rg2+ 35. Kh1 Rxa2+ 36. Kg1 Rxa1 37. Bf4 Rxf1+ 38. Kxf1 a6 39. Kf2 Be7 40.
Ke3 Bg2 41. Na8 Bxd5 42. Nb6 Bc6 43. Nc8 Kf7 44. Nxd6+ Bxd6 45. Bxd6 c4 46. Kd4 Bf3 47. g5 Bg4 48. Ke5 c3 49. Kf4 c2 50. Ba3 Bh3 51. Bb2 b5 52. f6 gxf6 53. gxf6 b4 54. Ke3 a5 55. Kd2 Bf5 56. Be5 a4 57. Kc1 h5 58.
Bd6 b3 59. Kb2 h4 60. Bf4 Kxf6 61. Ka3 h3 62. Bh2 c1=Q+ 0-1

[Event "*** Qualifier 4: Titled Tuesday 3|2 Blitz"]
[Site "Chess.com"]
[Date "2017.04.25"]
[Round "4"]
[White "igorkovalenko"]
[Black "Alex_Molchanov"]
[Result "1-0"]
[WhiteElo "2642"]
[BlackElo "2427"]
[TimeControl "180+2"]
[EndTime "13:50:27 PDT"]
[Termination "igorkovalenko won by resignation"]

1. c4 Nf6 2. Nc3 e5 3. Nf3 Nc6 4. g3 Bc5 5. Bg2 O-O 6. O-O d6 7. Na4 e4 8. Ne1 Bd4 9. Nc2 Be5 10. Nc3 Bf5 11. Ne3 Bg6 12. Ned5 Re8 13. a3 a6 14. Ra2 Nd4 15. b4 c6 16. Nxf6+ Bxf6 17. a4 h5 18. h3 Qd7 19. a5 d5 20.
cxd5 cxd5 21. Na4 Rab8 22. Bb2 Qe7 23. Nc5 Nc6 24. Bxf6 gxf6 25. Qa4 Rec8 26. Rb2 Nd4 27. Re1 h4 28. Qa3 f5 29. Qe3 Nc6 30. d4 hxg3 31.
fxg3 Qf6 32. Rd1 Kg7 33. Qf2 Rc7 34. e3 Na7 35. Qf4 Nb5 36. Rc2 Rbc8 37. Bf1 Qe7 38.
Bxb5 axb5 39. Ra2 Rc6 40. Rf1 Qc7 41. Qxc7 R8xc7 42. Rf4 Kg8 43. Kg2 Kg7 44. g4 fxg4 45.
hxg4 f6 46. Kg3 Be8 47. Rf1 Bg6 48. Rh1 Rc8 49. Kf4 R8c7 50. Rah2 b6 51. axb6 Rxb6 52.
Ra2 Rb8 53. Ra6 Re7 54. Rha1 Rh8 55. Ra7 Rxa7 56. Rxa7+ Bf7 57. Kf5 Rh3 58. Ne6+ Kg8 59. Nf4 Rxe3 60. Kxf6 Rf3 61. Kf5 e3 62. g5 e2 63. Re7 Kg7 64. Kg4 Rf2 65. Rxe2 Rxe2 66.
Nxe2 Bg6 67. Kf4 Kf7 68. Nc3 Ke6 69. Nxb5 Bd3 70. Nc3 Bc4 71. b5 Bd3 72. b6 Ba6 73. g6 Kf6 74. Nxd5+ Kxg6 75. Ke5 Kf7 76. Kd6 Bc8 77.
Kc7 Ba6 78. Nb4 1-0

[Event "*** Qualifier 4: Titled Tuesday 3|2 Blitz"]
[Site "Chess.com"]
[Date "2017.04.25"]
[Round "4"]
[White "kharov2001"]
[Black "prochn"]
[Result "1/2-1/2"]
[WhiteElo "1949"]
[BlackElo "2195"]
[TimeControl "180+2"]
[EndTime "13:50:45 PDT"]
[Termination "Game drawn by agreement"]

1. e4 c6 2. d4 d5 3. exd5 cxd5 4.
c4 Nf6 5. Nc3 Nc6 6. Nf3 Bg4 7.
Qb3 Bxf3 8. Qxb7 Nxd4 9. gxf3 Nc2+ 10. Kd1 Nxa1 11. c5 Qc8 12. Bb5+ Kd8 13. Ba6 Qxb7 14. Bxb7 Rb8 15. c6 e5 16. Bg5 Bc5 17. Nxd5 Bb6 18. Nxf6 h6 19. Bh4 g5 20. Bg3 Bc7 21. Kd2 Nb3+ 22.
axb3 Bd6 23. Kc2 Ke7 24. Ne4 f6 25. h4 f5 26. Nxd6 Kxd6 27. Rd1+ Ke6 28. hxg5 hxg5 29.
Re1 f4 30. Bxf4 gxf4 31. Rd1 Rh7 32. Ba6 Rc7 33. Bc4+ Kf6 34. Bd5 Rb5 35. Be4 Ke7 36. Rh1 Rc5+ 37. Kd3 Rc8 38. Rh7+ Kd6 39. Rd7+ Ke6 40.
Rxa7 Rd8+ 41. Ke2 Kd6 42. Rh7 Rb8 43. Rh6+ Kc7 44. Rh7+ Kb6 45. Rb7+ Rxb7 46. cxb7 Kc7 47. Kd3 Kb8 48. b4 Rc7 49. b3 Rc1 50. Bd5 Re1 51.
Kc4 Re2 52. Be4 Rxf2 53. Kd3 Rb2 54. Kc3 Re2 55. Kd3 Re1 56. Kc3 Rd1 57. Kc2 Rd4 58.
Kc3 Kc7 59. b5 Kb8 60. Kc2 Ka7 61. Kc3 Kb8 62. Kc2 Kc7 1/2-1/2

[Event "*** Qualifier 4: Titled Tuesday 3|2 Blitz"]
[Site "Chess.com"]
[Date "2017.04.25"]
[Round "4"]
[White "Sanan_Sjugirov"]
[Black "severomorskij"]
[Result "0-1"]
[WhiteElo "2642"]
[BlackElo "2664"]
[TimeControl "180+2"]
[EndTime "13:50:46 PDT"]
[Termination "severomorskij won by resignation"]

1. e4 c5 2. Nf3 e6 3. d4 cxd4 4. Nxd4 a6 5. Bd3 Bc5 6. Nb3 Ba7 7. O-O Nc6 8. Qe2 d6 9. c4 Nf6 10. Be3 O-O 11. Nc3 e5 12. Bxa7 Rxa7 13. Qe3 Ng4 14. Qg3 Nf6 15. Rfd1 Be6 16. Be2 Qe7 17. Qe3 Raa8 18. Rac1 Rac8 19. Na4 h6 20. Nb6 Rcd8 21. h3 Nd7 22. Nd5 Qg5 23. Qxg5 hxg5 24.
Bg4 Nc5 25. Bxe6 fxe6 26. Nc3 Nxb3 27. axb3 Nd4 28. b4 Rc8 29. Nb1 Ne2+ 30. Kf1 Nxc1 31. Rxc1 d5 32. b3 dxc4 33. bxc4 Rfd8 34. Ke2 Rd4 35. Nd2 b5 36. Rc3 bxc4 37. Ke3 Rd3+ 38. Rxd3 cxd3 39. Kxd3 Kf7 40. Nc4 Kf6 41. Ne3 Rc1 42.
Ng4+ Ke7 43. Nxe5 Rb1 44. Kc3 Rg1 45. g3 Rg2 46. Ng4 Rg1 47. Ne5 Rf1 48. Nd3 Kd6 49. Kd4 Rd1 50. Kc3 e5 51. Kc4 Rh1 52. Nc5 Rc1+ 53.
Kd3 Rxc5 54. bxc5+ Kxc5 55. Kc3 a5 56. f3 a4 57. h4 gxh4 58. gxh4 a3 59. h5 a2 60. Kb2 Kd4 61. Kxa2 Ke3 62. Kb3 Kxf3 63. Kc2 Kxe4 0-1

[Event "*** Qualifier 4: Titled Tuesday 3|2 Blitz"]
[Site "Chess.com"]
[Date "2017.04.25"]
[Round "4"]
[White "brauliocuarta"]
[Black "aa175"]
[Result "1-0"]
[WhiteElo "2042"]
[BlackElo "1811"]
[TimeControl "180+2"]
[EndTime "13:50:50 PDT"]
[Termination "brauliocuarta won by checkmate"]

1. d4 d5 2. c4 dxc4 3. Nf3 Nf6 4. e3 Bg4 5. Bxc4 e6 6. Qb3 b6 7. Ne5 Bd6 8. Bb5+ Ke7 9. Nxg4 Nxg4 10. h3 Nf6 11.
Nc3 c6 12. Be2 Re8 13. e4 e5 14. dxe5 Bxe5 15. O-O Kf8 16. Be3 Kg8 17. Rad1 Qc7 18.
f4 Bxc3 19. bxc3 Nxe4 20. Bf3 Nd7 21. Bd4 Ndc5 22. Qc2 Qxf4 23. Bh5 Qg3 24. Bxf7+ Kh8 25. Bxe8 Rxe8 26. Rf3 Qg6 27. Rdf1 h6 28. Bxc5 bxc5 29. Rf8+ Rxf8 30. Rxf8+ Kh7 31. Rf4 Nd6 32. Qxg6+ Kxg6 33. Ra4 Nb5 34. c4 Nd6 35. Rxa7 Nxc4 36. Rc7 Na5 37. Ra7 Nc4 38. Ra6 Ne5 39. Kf2 c4 40. Ke3 Kf5 41. Kd4 Ke6 42. Ra5 Nd3 43. Kxc4 Nf4 44. Rc5 Kd6 45. a4 Nxg2 46. a5 Ne3+ 47. Kb4 Nd5+ 48.
Kc4 Ne3+ 49. Kd4 Ng2 50. a6 Nf4 51. Ra5 Ne6+ 52. Kc4 Nc7 53. a7 Na8 54. h4 Kc7 55. Kc5 Kb7 56. Ra1 g5 57. hxg5 hxg5 58. Rb1+ Kxa7 59.
Kxc6 g4 60. Rg1 Nb6 61. Ra1+ Kb8 62. Kxb6 Kc8 63. Rg1 Kd7 64. Rxg4 Kd6 65. Rd4+ Ke5 66. Kc5 Ke6 67. Rd5 Ke7 68. Rd6 Ke8 69. Kc6 Ke7 70.
Kc7 Kf7 71. Kd7 Kg7 72. Ke7 Kg8 73. Rf6 Kg7 74. Ke6 Kg8 75. Rf7 Kh8 76. Kf6 Kg8 77.
Kg6 Kh8 78. Rf8# 1-0

[Event "*** Qualifier 4: Titled Tuesday 3|2 Blitz"]
[Site "Chess.com"]
[Date "2017.04.25"]
[Round "4"]
[White "GMBenjaminBok"]
[Black "plouarzel"]
[Result "1/2-1/2"]
[WhiteElo "2622"]
[BlackElo "2442"]
[TimeControl "180+2"]
[EndTime "13:50:56 PDT"]
[Termination "Game drawn - insufficient material"]

1. Nf3 c5 2. g3 g6 3. Bg2 Bg7 4.
O-O Nc6 5. c4 e6 6. Nc3 Nge7 7.
d3 O-O 8. Bd2 d5 9. Qc1 b6 10.
Bh6 Bb7 11. Bxg7 Kxg7 12. cxd5 Nxd5 13. Rd1 Qf6 14. Ne4 Qe7 15. h4 h6 16. b3 f5 17.
Qb2+ Kh7 18. Ned2 Qg7 19. Qxg7+ Kxg7 20. Nc4 Rad8 21. Rac1 Kf6 22. a3 e5 23. e3 g5 24.
hxg5+ hxg5 25. e4 Nde7 26. Ne3 Nd4 27. Nxd4 exd4 28. Nxf5 Nxf5 29. exf5 Bxg2 30. Kxg2 Kxf5 31. b4 cxb4 32. axb4 Rc8 33. Ra1 Rf7 34. Ra4 Rc2 35. b5 Ke5 36. Rf1 Rd2 37. Kh3 Rfxf2 38. Rxf2 Rxf2 39.
Rxa7 Rb2 40. Kg4 Rxb5 41. Kxg5 Rb3 42. Re7+ Kd6 43. Re8 Rxd3 44. g4 Re3 45. Rd8+ Kc5 46. Kf4 Re7 47. g5 Kc4 48. g6 d3 49. Kf5 Kc3 50. Kf6 Re1 51. Rc8+ Kb2 52. Rd8 Rf1+ 53. Ke6 Kc2 54. Rc8+ Kd2 55. g7 Rg1 56. g8=Q Rxg8 57.
Rxg8 Ke2 58. Kd5 d2 59. Rg2+ Ke3 60. Rxd2 Kxd2 61. Kc6 b5 62. Kxb5 1/2-1/2

[Event "*** Qualifier 4: Titled Tuesday 3|2 Blitz"]
[Site "Chess.com"]
[Date "2017.04.25"]
[Round "4"]
[White "yurisolo"]
[Black "Noukii"]
[Result "1-0"]
[WhiteElo "2488"]
[BlackElo "2621"]
[TimeControl "180+2"]
[EndTime "13:50:57 PDT"]
[Termination "yurisolo won by resignation"]

1. e4 e5 2. Nf3 Nc6 3. Bb5 a6 4.
Ba4 Nf6 5. O-O Be7 6. Re1 b5 7. Bb3 d6 8. c3 O-O 9. h3 Na5 10.
Bc2 c5 11. d4 Nd7 12. Nbd2 exd4 13. cxd4 Nc6 14. d5 Nce5 15. a4 Bb7 16. Nxe5 Nxe5 17. f4 Ng6 18. Nf3 Bh4 19. Rf1 Re8 20. f5 Ne5 21. Nxe5 Rxe5 22. axb5 axb5 23. Rxa8 Bxa8 24. b3 Bf6 25. Bd3 c4 26. bxc4 bxc4 27. Bc2 Bb7 28. Bf4 Re8 29. Qb1 Ba6 30. Qb4 Bd4+ 31. Kh1 Bc5 32.
Qc3 f6 33. Ra1 Qb6 34. Rb1 Qa7 35. Qa5 Ra8 36. Ra1 Qe7 37. Qc3 Qb7 38. Ba4 Bb5 39.
Bxb5 Rxa1+ 40. Qxa1 Qxb5 41. Kh2 Kf7 42. Bd2 Qe8 43. Qb1 Qe5+ 44. Kh1 g6 45. Qb7+ Qe7 46.
Qxe7+ Kxe7 47. Bc3 Be3 48. g4 Bf4 49. Kg2 Bg5 50.
fxg6 hxg6 51. Kg3 Bh6 52. h4 Kf7 53. Kf3 Bc1 54. Ke2 Bf4 55. Bd4 Bg3 56. h5 gxh5 57. gxh5 Bf4 58. Kd1 Kg7 59. Kc2 Be5 60. Bxe5 fxe5 61.
Kc3 Kh6 62. Kxc4 Kxh5 63. Kb5 Kg4 64. Kc6 Kf4 65. Kxd6 Kxe4 66. Kc5 Kf3 67. d6 e4 68. d7 e3 69. d8=Q e2 70. Qf6+ Ke3 71. Qe5+ Kd2 72.
Qd4+ Kc1 73. Qe3+ Kd1 74. Qd3+ Ke1 75. Kd4 Kf2 76. Qe3+ Kf1 77. Qf3+ Ke1 78. Kd3 1-0

[Event "*** Qualifier 4: Titled Tuesday 3|2 Blitz"]
[Site "Chess.com"]
[Date "2017.04.25"]
[Round "4"]
[White "dhanushbharadwaj"]
[Black "RobertoJBM"]
[Result "1/2-1/2"]
[WhiteElo "2454"]
[BlackElo "2448"]
[TimeControl "180+2"]
[EndTime "13:50:58 PDT"]
[Termination "Game drawn - insufficient material"]

1. Nf3 d5 2. c4 c6 3. e3 Nf6 4.
Nc3 a6 5. b3 Bg4 6. Bb2 Nbd7 7.
h3 Bh5 8. Be2 e6 9. O-O Bd6 10.
Nd4 Bxe2 11. Ndxe2 Qe7 12. cxd5 exd5 13. Rc1 Ba3 14.
Bxa3 Qxa3 15. Qc2 Qe7 16. Rfe1 O-O 17. d4 g6 18. Na4 Rfe8 19. Ng3 h5 20. Nc3 Qd6 21.
Rcd1 Re6 22. e4 dxe4 23. Ncxe4 Nxe4 24. Rxe4 Rae8 25. Rxe6 Rxe6 26. Ne4 Qd5 27. Nc3 Qg5 28. d5 cxd5 29. Nxd5 Rc6 30. Qe4 Rc1 31. Rxc1 Qxc1+ 32. Kh2 Nf8 33. Nf6+ Kg7 34. Ne8+ Kg8 35. Qe5 Ne6 36. Nf6+ Kf8 37. Qb8+ Ke7 38. Nd5+ Kd7 39. Qxb7+ Kd6 40. Ne3 Nc7 41. Nc4+ Kd7 42. Ne5+ Ke6 43. Qe4 f5 44. Nd3+ fxe4 45. Nxc1 Nd5 46. Kg3 g5 47. h4 g4 48.
Ne2 Ke5 49. f3 gxf3 50. gxf3 e3 51. Kg2 Nb4 52. a3 Nd3 53. Kf1 a5 54. Ng3 Nf4 55.
Ne2 Nd3 56. Kg2 Kd5 57. Kg3 Ke5 58. f4+ Ke4 59. f5 Ne5 60. f6 Kf5 61. f7 Nxf7 62. Kf3 Ke5 63. Kxe3 Nd6 64. Kf3 Nf5 65. Ng3 Nxh4+ 66. Ke2 Nf5 67. Nxh5 Nd4+ 68. Kd3 Nxb3 69. Kc4 Nd2+ 70. Kb5 Nb1 71. a4 Nc3+ 72. Kxa5 Kd6 73. Ng3 Kc6 74. Kb4 Nxa4 75. Kxa4 1/2-1/2

[Event "*** Qualifier 4: Titled Tuesday 3|2 Blitz"]
[Site "Chess.com"]
[Date "2017.04.25"]
[Round "4"]
[White "OparinGrigoriy"]
[Black "pedromartinez91"]
[Result "0-1"]
[WhiteElo "2568"]
[BlackElo "2314"]
[TimeControl "180+2"]
[EndTime "13:51:07 PDT"]
[Termination "pedromartinez91 won by resignation"]

1. Nf3 e6 2. g3 d5 3. Bg2 Nf6 4.
O-O Be7 5. b3 O-O 6. Bb2 a5 7.
c4 a4 8. cxd5 exd5 9. bxa4 Na6 10. Nc3 Nc5 11. d4 Nce4 12. Ne5 c6 13. Nxe4 Nxe4 14. f3 Nd6 15. e4 f6 16. Nd3 Nc4 17.
Bc1 dxe4 18. Nc5 Bxc5 19. dxc5 Qxd1 20. Rxd1 e3 21. Bf1 Be6 22. Bxc4 Bxc4 23. Bxe3 Rxa4 24. Rd4 Rxa2 25. Rxa2 Bxa2 26. Rd7 Rf7 27. Rd8+ Rf8 28.
Rd7 Rf7 29. Rd6 Bd5 30. Kf2 Re7 31. Rd8+ Kf7 32. Rb8 Rd7 33. g4 Bc4 34. h4 Ba6 35. h5 g6 36. h6 g5 37. f4 gxf4 38. Bxf4 Ke6 39. Kg3 Kd5 40. Be3 Ke4 41. Re8+ Kd5 42.
Rg8 Bd3 43. Kf4 Bg6 44. Bf2 Re7 45. Rd8+ Kc4 46. Rd4+ Kb5 47. Rd6 Re4+ 48. Kg3 f5 49.
g5 Rg4+ 50. Kf3 Rxg5 51. Be3 Rg4 52. Rd7 Ka6 53. Bf4 Rg1 54. Rg7 Rf1+ 55. Ke3 Re1+ 56.
Kf2 Re6 57. Kg3 Ka7 58. Kh4 Ka6 59. Kg5 Ka7 60. Bc7 Ka6 61. Bb6 Re2 62. Rg8 Rg2+ 63.
Kf4 Rg4+ 64. Ke3 f4+ 65. Kf3 Rh4 66. Ra8+ Kb5 67. Ra5+ Kb4 68. Ra7 Bh5+ 69. Kf2 f3 70. Rxb7 Rh2+ 71. Kf1 Kc4 72. Rxh7 Bg4 73. Rf7 Rxh6 74.
Rf4+ Kd3 75. Rxg4 Ke3 76. Bd8 Rh1+ 77. Rg1 Rh5 78. Bg5+ Kd4 79. Be7 Ke3 80. Bd6 Rd5 81.
Bg3 Rd1+ 82. Be1 Rxe1+ 83. Kxe1 f2+ 84. Kf1 fxg1=Q+ 85. Kxg1 Kd4 86. Kf2 Kxc5 87. Ke3 Kb4 88. Kd3 c5 89. Kc2 Kc4 90. Kb2 Kd3 91. Kb1 c4 92.
Kc1 Kc3 93. Kd1 Kb2 94. Kd2 0-1

[Event "*** Qualifier 4: Titled Tuesday 3|2 Blitz"]
[Site "Chess.com"]
[Date "2017.04.25"]
[Round "4"]
[White "TheCount"]
[Black "SerGo055"]
[Result "1/2-1/2"]
[WhiteElo "2460"]
[BlackElo "2329"]
[TimeControl "180+2"]
[EndTime "13:51:10 PDT"]
[Termination "Game drawn - insufficient material"]

1. Nf3 Nf6 2. g3 d5 3. Bg2 c6 4. c4 Bf5 5. O-O e6 6. b3 h6 7. Bb2 Be7 8. d3 O-O 9. Nbd2 Nbd7 10. Re1 Bh7 11. Nd4 a5 12. a3 Qb6 13. Bc3 Rfd8 14.
Rb1 Bxa3 15. Nc2 Bc5 16. d4 Be7 17. c5 Qc7 18. e4 dxe4 19. Ne3 Nd5 20. Ba1 f5 21.
Ndc4 e5 22. Qh5 N7f6 23. Qh3 Nxe3 24. fxe3 exd4 25. Bxd4 Ng4 26. Bxe4 Nxe3 27. Bxe3 fxe4 28. Qe6+ Kh8 29. Ne5 Rf8 30. Nf7+ Kg8 31. Nxh6+ Kh8 32.
Nf7+ Kg8 33. Nh6+ Kh8 34. Nf7+ Kg8 35. Ng5+ Kh8 36. Nxh7 Kxh7 37. Qxe4+ Kh8 38. Rbd1 Rae8 39. Qg6 Bf6 40. Bf4 Rxe1+ 41. Rxe1 Qd7 42. Bd6 Qf7 43.
Qxf7 Rxf7 44. Re8+ Kh7 45. Re4 Rd7 46. Ra4 b6 47.
Kg2 Bd8 48. Re4 bxc5 49. Bxc5 Rd3 50. Re3 Rxe3 51. Bxe3 Kg6 52. Kf3 Kf5 53. Bd4 g6 54.
h4 Ke6 55. Kg4 Kd5 56. Bg7 c5 57. h5 gxh5+ 58. Kxh5 c4 59. bxc4+ Kxc4 60. g4 a4 61. g5 a3 62. g6 Be7 63. Kh6 a2 64. Ba1 Bf8+ 65.
Kh7 Kb3 66. Kg8 Bh6 67. Kh7 Bf8 68. Kg8 Bh6 69. Kh7 Bf8 70. g7 Bxg7 71. Kxg7 Kc2 72. Bf6 Kb1 73. Kg6 a1=Q 74. Bxa1 1/2-1/2